 Dungeon Crawl Stone Soup version 0.25-a0-435-g4b9beb1 (webtiles) character file.

Game seed: 5082739519452046134, levelgen mode: deterministic

2545 2tousent the Martial Artist (level 9, 0/77 HPs)
             Began as a Pale Draconian Artificer on Jan 29, 2020.
             Was a Believer of Ru.
             Slain by a hippogriff (7 damage)
             ... on level 7 of the Dungeon.
             The game lasted 00:16:58 (6425 turns).

2tousent the Martial Artist (DrAr)                  Turns: 6425, Time: 00:16:59

Health: 0/77       AC:  8    Str: 17    XL:     9   Next: 30%
Magic:  11/11      EV: 15    Int: 11    God:    Ru [**....]
Gold:   248        SH:  0    Dex: 16    Spells: 8/8 levels left

rFire    . . .     SeeInvis .     - Unarmed
rCold    . . .     Gourm    .   (no shield)
rNeg     . . .     Faith    .   (armour unavailable)
rPois    +         Spirit   .   (helmet restricted)
rElec    .         Reflect  .   (no cloak)
rCorr    .         Harm     .   t - +0 pair of gloves
MR       .....                  (no boots)
Stlth    ++........             (no amulet)
HPRegen  0.22/turn              o - +3 ring of strength
MPRegen  0.12/turn              x - ring of poison resistance

@: short of breath
A: breathe steam, unfitting armour, cold-blooded, unskilled 1, AC +7
a: Breathe Steam, Renounce Religion


You were on level 7 of the Dungeon.
You worshipped Ru.
Ru was pleased with you.
You were hungry.

You visited 2 branches of the dungeon, and saw 8 of its levels.

You collected 314 gold pieces.
You spent 66 gold pieces at shops.

Inventory:

Hand Weapons
 a - a +1 short sword
Armour
 t - a +0 pair of gloves (worn)
Jewellery
 l - an uncursed ring of ice
 o - a +3 ring of strength (left hand)
 w - a +3 ring of intelligence
 x - a ring of poison resistance (right hand)
Wands
 b - a wand of flame (12)
 c - a wand of enslavement (13)
 d - a wand of random effects (10)
 j - a wand of clouds (5)
 A - a wand of paralysis (7)
 B - a wand of digging (5)
Scrolls
 g - 3 scrolls of amnesia
 p - 2 scrolls of teleportation
 r - 6 scrolls of remove curse
 u - 2 scrolls of enchant weapon
 y - 2 scrolls of enchant armour
 C - a scroll of blinking
Potions
 e - 3 potions of curing
 h - 2 potions of brilliance
 i - a potion of cancellation
 k - a potion of lignification
 m - a potion of invisibility
 n - 2 potions of agility
 q - a potion of flight
 s - 3 potions of mutation
 v - a potion of heal wounds
 z - 2 potions of ambrosia
Comestibles
 f - 17 rations
 D - a chunk of flesh


   Skills:
 + Level 6.3 Fighting
 - Level 0.8 Short Blades
 + Level 5.4 Dodging
 - Level 0.7 Stealth
 * Level 8.1 Unarmed Combat
 - Level 3.0 Evocations


You had 8 spell levels left.
You didn't know any spells.
Your spell library contained the following spells:

 Spells                   Type           Power        Failure   Level  Hunger
 Magic Dart               Conj           #...         34%         1    ##.....
 Searing Ray              Conj           #.....       47%         2    ###....
 Dazzling Flash           Conj/Hex       #.....       71%         3    ####...
 Fulminant Prism          Conj/Hex       #.........   98%         4    #####..
 Iskenderun's Mystic Bla  Conj/Tloc      #.......     98%         4    #####..


Dungeon Overview and Level Annotations

Branches:
Dungeon (7/15)             Temple (1/1) D:4

Altars:
Cheibriados
Elyvilon
Fedhas
Hepliaklqana
Kikubaaqudgha
Makhleb
Nemelex Xobeh
Qazlal
Ru
Trog
Vehumet
Wu Jian
Xom

Shops:
D:5 !

Annotations:
D:5 2 transporters


Innate Abilities, Weirdness & Mutations

You can breathe blasts of scalding, opaque steam.
Your pale cyan-grey scales are hard. (AC +7)
You cannot fit into any form of body armour.
You are cold-blooded and may be slowed by cold attacks.
You are somewhat unskilled. (-1 Apt)


Message History

You hit the hippogriff.
The hippogriff is almost dead.
The hippogriff bites you!
* * * LOW HITPOINT WARNING * * *
The hippogriff pecks you.
* * * LOW HITPOINT WARNING * * *
The hippogriff claws you.
* * * LOW HITPOINT WARNING * * *
Evoke which item? (* to show all) (? for menu, Esc to quit)
Aiming: Enslavement
Press: ? - help, Shift-Dir - straight line, f/p - centaur
Aim: a centaur, quivering 28 arrows (heavily wounded, chance to defeat MR: 54%)
The centaur resists with significant effort.
The centaur hits you.
* * * LOW HITPOINT WARNING * * *
You focus your will and illuminate the centaur in retribution!
The hippogriff closely misses you. The hippogriff pecks you.
* * * LOW HITPOINT WARNING * * *
The hippogriff claws you!
You die...

### #### #.. ..# #.# #.#
## #.# #.########
.#####†#####....(c.<####
...........?....@H)....>
.#............####...%..
.#.......##...# .....
##.......##...# ....
.#######.##..... ... .#
####....## [. .## #....#
. ..# #..... ### #######


You could see a hippogriff and a centaur.

Vanquished Creatures
  Pikel (D:5)
  A spriggan (D:7)
  An ice beast (D:7)
  4 sky beasts
  2 slaves (D:5)
  An ogre (D:6)
  A centaur (D:5)
  3 bullfrogs
  2 scorpions
  2 howler monkeys
  3 crimson imps
  A bullfrog zombie (D:6)
  3 hounds
  A jelly (D:6)
  6 orc wizards
  A centaur skeleton (D:4)
  2 iguanas
  2 orc priests
  2 worker ants (D:5)
  A hound zombie (D:6)
  8 adders
  A howler monkey skeleton (D:4)
  2 shadow imps (D:5)
  An adder skeleton (D:7)
  2 worms
  2 dart slugs
  3 leopard geckos
  14 orcs
  7 bats
  8 giant cockroaches
  6 goblins
  5 hobgoblins
  4 jackals (D:5)
  A quokka (D:2)
  A ball python (D:4)
  A ball python skeleton (D:6)
  5 frilled lizards
  A jackal zombie (D:5)
  7 kobolds
  A leopard gecko skeleton (D:4)
  A leopard gecko zombie (D:7)
  3 rats
124 creatures vanquished.

Vanquished Creatures (collateral kills)
  A slave (D:5)
  An orc priest (D:5)
  A worker ant (D:5)
  An orc (D:5)
4 creatures vanquished.

Vanquished Creatures (others)
  A hippogriff (D:5)
  A bullfrog (D:7)
  An orc (D:7)
  6 plants (D:5)
9 creatures vanquished.

Grand Total: 137 creatures vanquished

Notes
Turn   | Place    | Note
-------+----------+-------------------------------------------
     0 | D:1      | 2tousent the Draconian Artificer began the quest for the
                  | Orb.
     0 | D:1      | Reached XP level 1. HP: 16/16 MP: 3/3
   221 | D:1      | Reached XP level 2. HP: 24/24 MP: 4/4
   230 | D:1      | Reached skill level 1 in Unarmed Combat
   689 | D:1      | Found a sparkling altar of Nemelex Xobeh.
  1045 | D:2      | Reached XP level 3. HP: 24/29 MP: 5/5
  1277 | D:2      | Reached skill level 2 in Unarmed Combat
  1942 | D:3      | Reached XP level 4. HP: 25/37 MP: 6/6
  2837 | D:3      | Reached skill level 3 in Unarmed Combat
  3133 | D:3      | Reached XP level 5. HP: 17/45 MP: 7/7
  3577 | D:4      | Found a staircase to the Ecumenical Temple.
  3594 | Temple   | Entered the Ecumenical Temple
  3631 | Temple   | Became a worshipper of Ru the Awakened
  3725 | D:4      | Reached skill level 4 in Unarmed Combat
  3725 | D:4      | Reached XP level 6. HP: 22/51 MP: 8/8
  4290 | D:5      | Entered Level 5 of the Dungeon
  4402 | D:5      | Noticed a sky beast
  4425 | D:5      | Killed a sky beast
  4461 | D:5      | Reached skill level 5 in Unarmed Combat
  4461 | D:5      | Your scales start taking on a pale cyan-grey colour.
  4461 | D:5      | Reached XP level 7. HP: 50/59 MP: 9/9
  4467 | D:5      | Found a bloodstained altar of Trog.
  4588 | D:5      | Found a transporter.
  4607 | D:5      | Identified the +7 spear "Ynuasch" {venom, Str+4}
  4630 | D:5      | Noticed a hippogriff
  4842 | D:5      | Found a transporter.
  4849 | D:5      | Identified the ring of Isevinog {rF+ AC+6 SInv}
  5012 | D:5      | Gained mutation: You are somewhat unskilled. (-1 Apt) [Ru
                  | sacrifice]
  5012 | D:5      | Reached * piety under Ru
  5012 | D:5      | Reached ** piety under Ru
  5027 | D:5      | Noticed Pikel
  5035 | D:5      | Killed Pikel
  5035 | D:5      | Reached skill level 5 in Fighting
  5035 | D:5      | Reached skill level 6 in Unarmed Combat
  5035 | D:5      | Reached XP level 8. HP: 67/68 MP: 10/10
  5257 | D:5      | Found Xumown's Distillery.
  5264 | D:5      | Bought a potion of curing for 33 gold pieces
  5264 | D:5      | Bought a potion of curing for 33 gold pieces
  5573 | D:6      | Reached skill level 7 in Unarmed Combat
  5702 | D:6      | Reached skill level 5 in Dodging
  5811 | D:6      | Reached XP level 9. HP: 75/75 MP: 11/11
  6116 | D:7      | Found a radiant altar of Vehumet.
  6158 | D:7      | Found a stormy altar of Qazlal.
  6351 | D:7      | Reached skill level 8 in Unarmed Combat
  6425 | D:7      | Slain by a hippogriff

Levels and vault maps discovered:
D:1:      dpeg_arrival_erosion, layout_basic, serial_park_tiny_1,
          nemelex_diamond_rough_becter
D:2:      layout_basic
D:3:      layout_loops_corners, first_ration
D:4:      layout_basic, minmay_temple_entry_wispy
D:5:      minmay_spotlight, layout_basic, lemuel_round_altar, serial_shops,
          kennysheep_little_box, gammafunk_ghost_gnarly_gnolls, uniq_pikel
D:6:      layout_loops_ring
D:7:      layout_basic, nicolae_qazlal_general_emergency, fiery_altar_vehumet,
          nicolae_gozag_zags_fifth_avenue, the_bakery,
          nicolae_tso_swordbearing_angel
Temple:   eino_temple_rhombus

Skill      XL: |  1  2  3  4  5  6  7  8  9 |
---------------+----------------------------+-----
Unarmed Combat | 1 2 3 4 5 6 7 8 |  8.1
Dodging        | 2 3 4 5 |  5.4
Fighting       | 2 3 4 5 6 |  6.3
Short Blades   | 0 |  0.8
Stealth        | |  0.7
Evocations     | |  3.0

Action                   |  1- 3 |  4- 6 |  7- 9 || total
-------------------------+-------+-------+-------++-------
Melee: Short sword       |   106 |       |       ||   106
       Tailslap          |    18 |    29 |    35 ||    82
       Unarmed           |    34 |   162 |   249 ||   445
       Punch             |       |     5 |     9 ||    14
Invok: Sacrifice Skill   |       |       |     1 ||     1
 Abil: Breathe Steam     |       |       |     9 ||     9
Evoke: Wand              |       |    12 |     6 ||    18
  Use: Scroll            |     8 |     5 |     4 ||    17
       Potion            |     2 |     1 |       ||     3
 Stab: Sleeping          |     2 |     5 |     5 ||    12
       Confused          |       |     2 |       ||     2
  Eat: Chunk             |     2 |     6 |     7 ||    15
       Ration            |       |     1 |       ||     1
Armor: Skin              |    39 |    37 |    67 ||   143
Dodge: Dodged            |   102 |   111 |   150 ||   363

Table legend:
 A = Non-vault XP
 B = Vault XP
 C = Vault XP percentage of total XP
 D = Non-vault monster count
 E = Vault monster count
 F = Vault count percentage of total count
                 A         B        C        D         E       F
            +---------+---------+-------+---------+---------+-------
      Total |    2741 |     895 |  24.6 |     123 |       4 |   3.1
            +---------+---------+-------+---------+---------+-------
        D:1 |      25 |       0 |   0.0 |      13 |       0 |   0.0
        D:2 |      60 |       0 |   0.0 |      19 |       0 |   0.0
        D:3 |     152 |       0 |   0.0 |      19 |       0 |   0.0
        D:4 |     293 |       0 |   0.0 |      14 |       0 |   0.0
        D:5 |     838 |     666 |  44.3 |      26 |       3 |  10.3
        D:6 |     891 |       0 |   0.0 |      19 |       0 |   0.0
        D:7 |     482 |     229 |  32.2 |      13 |       1 |   7.1
            +---------+---------+-------+---------+---------+-------
